 Dungeon Crawl Stone Soup version 0.29.1-15-g9cfb28693d (webtiles) character file.

Game seed: 1829760890255973107

184 Silvore the Covered (level 5, -5/47 HPs)
             Began as a Minotaur Fighter on May 2, 2023.
             Slain by a gnoll sergeant
             ... wielding a +3 spear of venom
              (12 damage)
             ... on level 4 of the Dungeon.
             The game lasted 00:03:16 (3259 turns).

Silvore the Covered (Minotaur Fighter)              Turns: 3259, Time: 00:03:19

Health: -5/47      AC:  7    Str: 22    XL:     5   Next: 36%
Magic:  4/4        EV:  9    Int:  5    God:
Gold:   153        SH:  4    Dex: 10    Spells: 4/4 levels left

rFire   . . .      SeeInvis .   a - +0 long sword
rCold   + . .      Faith    .   c - +0 buckler
rNeg    . . .      Spirit   .   b - +0 scale mail
rPois   .          Reflect  .   (helmet restricted)
rElec   .          Harm     .   (no cloak)
rCorr   .          Rampage  .   (no gloves)
Will    .....                   (no boots)
Stlth   ..........              (no amulet)
HPRegen 0.15/turn               j - ring of protection from cold
MPRegen 0.09/turn               (no ring)

@: mighty, lethally poisoned (-5 -> -9)
A: horns 2, retaliatory headbutt
a: no special abilities


You were on level 4 of the Dungeon.
You visited 1 branch of the dungeon, and saw 4 of its levels.

You collected 153 gold pieces.

Inventory:

Hand Weapons
 a - a +0 long sword (weapon)
Armour
 b - a +0 scale mail (worn)
 c - a +0 buckler (worn)
Jewellery
 j - a ring of protection from cold (left hand)
Scrolls
 i - a scroll of teleportation
 k - 2 scrolls of amnesia
Potions
 e - a potion of cancellation {unknown}
 f - a potion of flight {unknown}
 g - a potion of resistance {unknown}
 h - a potion of lignification {unknown}
 l - a potion of brilliance
 m - a potion of mutation {unknown}


   Skills:
 + Level 4.6 Fighting
 + Level 4.0 Long Blades
 + Level 5.2 Armour
 + Level 0.9 Dodging
 + Level 4.2 Shields


You had 4 spell levels left.
You didn't know any spells.
Your spell library was empty.

Dungeon Overview and Level Annotations

Branches:
Dungeon (4/15)
 Temple: D:4-7

Altars:
Gozag
Ru

Shops:
D:3 (=[


Innate Abilities, Weirdness & Mutations

You have a pair of horns on your head.
You reflexively headbutt those who attack you in melee.


Message History

Things that are here:
a +0 flail; a gnoll corpse The orc attacks as you move away!
The orc closely misses you. You furiously retaliate!
You headbutt the orc. You block the gnoll's attack.
The orc throws a boomerang.
The boomerang hits you but does no damage.
A black bear comes into view.
The gnoll hits you with a +0 halberd!
The gnoll sergeant hits you from afar with a +3 spear of venom.
The orc closely misses you.
Things that are here:
a +0 flail; a gnoll corpse You slash the gnoll!
The gnoll is heavily wounded.
The orc hits you but does no damage. The orc barely misses you.
The gnoll barely misses you. The gnoll sergeant closely misses you.
The orc barely misses you. The gnoll hits you with a +0 halberd.
The gnoll sergeant closely misses you. The orc closely misses you.
You hit the orc.
You kill the orc!
The gnoll barely misses you. You furiously retaliate!
You headbutt the gnoll.
The gnoll sergeant hits you but does no damage.
You are poisoned.
The orc hits you with a +0 dagger.
An orc comes into view. It is wielding a +0 flail.
The gnoll attacks as you move away! The gnoll barely misses you.
You feel sick. The gnoll hits you but does no damage.
You feel very mighty all of a sudden.
You feel sick. The gnoll hits you with a +0 club. The gnoll misses you.
The gnoll sergeant completely misses you.
The orc priest calls down the wrath of Beogh upon you.
Beogh smites you!
* * * LOW HITPOINT WARNING * * *
You slash the gnoll! You headbutt the gnoll.
You kill the gnoll!
You feel sick.
The gnoll hits you from afar with a +0 halberd.
* * * LOW HITPOINT WARNING * * *
The gnoll sergeant hits you from afar with a +3 spear of venom!
You die...

#########........######
.................######
###.............##....
####............##.###
. #..........#.##....
#.#.........##.##..##
##.###.####..##.##..#
#.#..(##.####..##.##..#
#..oogo@..............#
#...hg##.####.###.##.##
....#.# #.# # #.# ###
#. #.# #.# # . ... #.#
# .# ##. #.### #. .#
#.#.##.#.. # .#
#......... #.######..


You could see a black bear, a gnoll sergeant, an orc priest, a gnoll and 2 orcs.

Vanquished Creatures
  A scorpion (D:4)
  6 gnolls
  2 adders
  3 worms
  2 orcs
  8 ball pythons
  3 endoplasms
  2 giant cockroaches
  6 goblins
  5 hobgoblins
  A jackal (D:2)
  A kobold (D:4)
  A quokka (D:2)
  4 bats (D:1)
  2 frilled lizards
  4 rats
51 creatures vanquished.

Notes
Turn   | Place    | Note
-------+----------+-------------------------------------------
     0 | D:1      | Silvore the Minotaur Fighter began the quest for the Orb.
     0 | D:1      | Reached XP level 1. HP: 19/19 MP: 0/0
   395 | D:1      | Reached XP level 2. HP: 27/27 MP: 1/1
   414 | D:1      | Reached skill level 4 in Armour
  1128 | D:2      | Reached XP level 3. HP: 33/33 MP: 2/2
  1354 | D:2      | Reached XP level 4. HP: 21/40 MP: 3/3
  1632 | D:2      | Found a faded altar of an unknown god.
  1811 | D:3      | Found Tianiup's Jewellery Shoppe.
  1953 | D:3      | Found a sacrificial altar of Ru.
  2406 | D:3      | Found Zeom Lextai's Weapon Shoppe.
  2573 | D:3      | Found Qiywuod's Antique Armour Shop.
  2679 | D:3      | Found an opulent altar of Gozag.
  3118 | D:4      | Noticed a scorpion
  3126 | D:4      | Killed a scorpion
  3127 | D:4      | Reached skill level 5 in Armour
  3127 | D:4      | Reached XP level 5. HP: 38/47 MP: 4/4
  3254 | D:4      | Noticed a black bear
  3259 | D:4      | Slain by a gnoll sergeant

Illustrated notes

Levels and vault maps discovered:
D:1:      dpeg_arrival_circle_labyrinth_a, layout_loops_ring
D:2:      layout_loops_ring, shapermc_ecumenical_altar_mp_vishouse,
          kennysheep_generic_room_9
D:3:      layout_basic, old_standard_altar, mainiacjoe_overflow_tiny_flanked,
          serial_forest, infiniplex_forest_zigzag_1, infiniplex_forest_diagonal,
          infiniplex_forest_straight_5, infiniplex_forest_3_way,
          infiniplex_forest_lined_room_2, serial_shops, shop, shop,
          nicolae_diamond_shop
D:4:      layout_loops_ring

Skill      XL: |  1  2  3  4 |
---------------+-------------+-----
Armour         | 4 5 |  5.2
Fighting       | 4 |  4.6
Long Blades    | 3 4 |  4.0
Shields        | 4 |  4.2
Dodging        | |  0.9

Action                   |  1- 3 |  4- 6 || total
-------------------------+-------+-------++-------
Melee: Long sword        |    69 |    54 ||   123
       Headbutt          |    12 |     7 ||    19
  Use: Scroll            |     2 |     5 ||     7
       Potion            |     2 |     1 ||     3
Armor: Scale mail        |    36 |    14 ||    50
Dodge: Dodged            |    50 |    42 ||    92
Block: Buckler           |    15 |    13 ||    28
